 Dungeon Crawl Stone Soup version 0.21.1-1-g345015fe64 (webtiles) character file.

125 Tropie the Slasher (level 5, 0/39 HPs)
             Began as a Human Gladiator on Mar 12, 2018.
             Slain by a scorpion (1 damage)
             ... on level 4 of the Dungeon.
             The game lasted 00:20:42 (2866 turns).

Tropie the Slasher (Human Gladiator)                Turns: 2866, Time: 00:20:43

Health: 0/39       AC:  6    Str: 15    XL:     5   Next: 30%
Magic:  14/14      EV:  7    Int:  8    God:
Gold:   165        SH: 13    Dex: 15    Spells: 4/4 levels left

rFire    . . .     SeeInvis .   a - +0 long sword
rCold    . . .     Gourm    .   q - +2 large shield
rNeg     . . .     Faith    .   p - +0 ring mail
rPois    .         Spirit   .   c - +0 helmet
rElec    .         Reflect  .   (no cloak)
rCorr    .         Harm     .   (no gloves)
MR       .....                  (no boots)
Stlth    ++........             (no amulet)
HPRegen  0.13/turn              e - ring of stealth
MPRegen  0.14/turn              y - ring of magical power

@: lethally poisoned (0 -> -2), about to teleport
A: no striking features
a: no special abilities


You were on level 4 of the Dungeon.
You were very hungry.

You visited 1 branch of the dungeon, and saw 4 of its levels.

You collected 165 gold pieces.

Inventory:

Hand Weapons
 a - a +0 long sword (weapon)
 l - a +0 whip
 m - a +0 hand axe
 x - a +3 halberd
Missiles
 d - 3 throwing nets (quivered)
 h - 87 stones
Armour
 b - a +0 leather armour
 c - a +0 helmet (worn)
 k - a +0 robe
 n - a +0 leather armour
 p - a +0 ring mail (worn)
 q - a +2 large shield (worn)
Jewellery
 e - a ring of stealth (left hand)
 y - a ring of magical power (right hand)
Scrolls
 g - 7 scrolls of identify
 t - 2 scrolls of amnesia
 u - 2 scrolls of teleportation
 w - 2 scrolls of enchant armour {unknown}
Potions
 i - 2 potions of haste {unknown}
 j - 2 potions of lignification {unknown}
 o - a potion of curing {unknown}
 r - a potion of mutation {unknown}
 v - a potion of degeneration {unknown}
Comestibles
 f - 8 rations


   Skills:
 + Level 2.6 Fighting
 + Level 4.1 Long Blades
 + Level 2.0 Throwing
 + Level 1.3 Armour
 + Level 3.5 Dodging
 + Level 1.2 Stealth
 + Level 1.0 Shields


You had 4 spell levels left.
You didn't know any spells.

Dungeon Overview and Level Annotations

Branches:
Dungeon (4/15)
 Temple: D:4-7

Altars:


Message History

You closely miss the scorpion.
The scorpion is almost dead.
You feel sick. You block the phantom's attack. You block the scorpion's attack.
A hound comes into view.
You barely miss the scorpion.
The scorpion is almost dead.
The phantom hits you.
* * * LOW HITPOINT WARNING * * *
You block the scorpion's attack.
The phantom blinks!
The scorpion stings you but does no damage.
As you read the scroll labeled SEIKKO HEDE, it crumbles to dust.
You feel blessed for a moment.
It was a scroll of remove curse.
* * * LOW HITPOINT WARNING * * *
You feel sick. You block the scorpion's attack.
The hound barks!
As you read the scroll labeled OBLAGA MUILIZ, it crumbles to dust.
You feel strangely unstable.
It was a scroll of teleportation.
You hear a loud, deep croak!
You block the hound's attack. The scorpion stings you.
You die...

#.##......
##!#......#
###.........#
...........
#.......#
##.#...#
##...#.##
##.......##
#....h@.<.#
#..###s...#
#. #..#.#
#..W.# ..#..#
...#....
#.#####...#
#. ...# ##
..#


You could see a phantom, a scorpion and a hound.

Vanquished Creatures
  A hound skeleton (D:4)
  Robin (D:2)
  3 gnolls (D:3)
  An adder (D:3)
  An ooze (D:3)
  A dart slug (D:2)
  A leopard gecko (D:3)
  An orc (D:3)
  A giant cockroach (D:2)
  8 goblins
  11 hobgoblins
  3 kobolds (D:2)
  4 quokkas
  2 ball pythons
  5 bats
  A frilled lizard (D:4)
  8 rats
53 creatures vanquished.

Notes
Turn   | Place    | Note
-------+----------+-------------------------------------------
     0 | D:1      | Tropie the Human Gladiator began the quest for the Orb.
     0 | D:1      | Reached XP level 1. HP: 16/16 MP: 1/1
   688 | D:1      | Reached XP level 2. HP: 22/22 MP: 2/2
  1587 | D:2      | Reached XP level 3. HP: 23/27 MP: 3/3
  1738 | D:2      | Noticed Robin
  1767 | D:2      | Killed Robin
  1772 | D:2      | Reached skill level 1 in Stealth
  1923 | D:2      | Reached XP level 4. HP: 24/34 MP: 4/4
  2554 | D:3      | Reached skill level 1 in Armour
  2700 | D:3      | Reached XP level 5. HP: 36/39 MP: 5/5
  2718 | D:3      | Reached skill level 4 in Long Blades
  2844 | D:4      | Reached skill level 1 in Shields
  2858 | D:4      | Noticed a phantom
  2865 | D:4      | HP: 1/39 [poisoned by a scorpion]
  2866 | D:4      | Slain by a scorpion

Skill      XL: |  1  2  3  4  5 |
---------------+----------------+-----
Stealth        | 1 |  1.2
Armour         | 1 |  1.3
Long Blades    | 4 |  4.1
Shields        | 1 |  1.0
Fighting       | |  2.6
Throwing       | |  2.0
Dodging        | |  3.5

Action                   |  1- 3 |  4- 6 || total
-------------------------+-------+-------++-------
Melee: Long sword        |   113 |    98 ||   211
  Use: Scroll            |     2 |     3 ||     5
 Stab: Sleeping          |     5 |     1 ||     6
       Distracted        |     1 |       ||     1
  Eat: Ration            |     1 |       ||     1
       Chunk             |       |     2 ||     2
Armor: Leather armour    |     4 |       ||     4
       Robe              |    14 |       ||    14
       Ring mail         |    24 |    37 ||    61
Dodge: Dodged            |    65 |    28 ||    93
Block: Large shield      |    44 |    82 ||   126
       Rpst.: Long sword |    17 |     9 ||    26
